AoeStats
← DK_Odysseo

Arabia

507084093Analyzed
1v1 RM · 15d ago on Sep 16, 2026· 48m 11s· 2 players
Game mode
Random Map
Map size
Tiny (2 player)
Population
200
Speed
Normal
Resources
Standard
Victory
Conquest
Starting age
Dark Age
Ending age
Imperial Age
RankedLock teamsTeams togetherTeam positionsShared explorationLock speedFull tech treeHidden civsTurbo modeCheats
Victory
Defeat
🇪🇸 Mongols · Spain
1802
+17
🇩🇪 Khitans · Germany
1824
-17
DK_Odysseo
6:21 Loom
8:23 Feudal Age
8:38 Man-at-Arms
12:14 Double-Bit Axe
14:47 Fletching
16:29 Town Watch
23:49 Castle Age
22:23 Padded Archer Armor
22:24 Horse Collar
23:30 Gold Mining
23:51 Crossbowman
25:07 Bodkin Arrow
26:42 Ballistics
31:20 Wheelbarrow
33:28 Thumb Ring
41:49 Imperial Age
42:31 Bracer
43:37 Chemistry
42:45 Arbalester
44:32 Light Cavalry
45:23 Bloodlines
45:13 Husbandry
46:11 Fortified Wall
45:59 Murder Holes
47:11 Scale Barding Armor
47:17 Forging
48:23 Conscription
48:34 Chain Barding Armor
48:46 Masonry
[FaFi] thomas.3
5:59 Loom
8:49 Feudal Age
11:51 Forging
16:27 Fletching
22:12 Castle Age
20:41 Double-Bit Axe
21:08 Domestication
21:52 Scale Barding Armor
22:16 Gold Mining
22:56 Husbandry
23:32 Iron Casting
25:47 Padded Archer Armor
25:08 Elite Skirmisher
26:20 Town Watch
26:51 Bodkin Arrow
28:04 Leather Archer Armor
28:57 Ballistics
30:56 Bow Saw
30:47 Pastoralism
33:00 Chain Barding Armor
33:24 Thumb Ring
38:33 Light Cavalry
43:19 Imperial Age
41:41 Wheelbarrow
42:35 Lamellar Armor
44:21 Bracer
44:59 Plate Barding Armor
45:21 Ring Archer Armor
45:07 Hussar
Connection lost

Rejoining the realm…

Still unreachable

The connection could not be restored.

Session expired

The server has moved on; the page needs a fresh start.